 Dungeon Crawl Stone Soup version 0.31-a0-246-g8cbcc1cb85 (webtiles) character file.

Game seed: 10338196793582754853

333 qw the Shooter (level 6, -2/57 HPs)
             Began as a Minotaur Hexslinger on July 12, 2023.
             Was an Initiate of Okawaru.
             Slain by Grinder (6 damage)
             ... on level 4 of the Dungeon.
             The game lasted 00:01:16 (2406 turns).

qw the Shooter (Minotaur Hexslinger)                Turns: 2406, Time: 00:01:17

Health: -2/57      AC:  6    Str: 11      XL:     6   Next: 27%
Magic:  6/6        EV: 11    Int:  8      God:    Okawaru [......]
Gold:   192        SH:  0    Dex: 21 (22) Spells: 6/7 levels left

rFire   . . .        Y - +1 sling
rCold   . . .        (no shield)
rNeg    . . .        h - +0 ring mail "Bisk" {Contam Slay+2 Stlth+}
rPois   .            (helmet restricted)
rElec   .            (no cloak)
rCorr   .            (no gloves)
SInv    .            (no boots)
Will    .....        (no amulet)
Stlth   ++           g - +4 ring of protection
HPRegen 0.29/turn    (no ring)
MPRegen 0.10/turn

%: no passive effects
@: no status effects
A: horns 2, retaliatory headbutt, agile 2, deformed body, robust 1
a: Renounce Religion


You were on level 4 of the Dungeon.
You worshipped Okawaru.
Okawaru was noncommittal.
You visited 1 branch of the dungeon, and saw 4 of its levels.

You collected 192 gold pieces.


Innate Abilities, Weirdness & Mutations

You have a pair of horns on your head.
You reflexively headbutt those who attack you in melee.
You are very agile. (Dex +8, Str/Int -2)
Armour fits poorly on your strangely shaped body.
You are robust. (+10% HP)


   Skills:
 + Level 3.7 Fighting
 - Level 6.1 Ranged Weapons
 - Level 1.0 Armour
 - Level 2.1 Dodging
 - Level 1.0 Spellcasting
 - Level 2.0 Hexes
 - Level 1.4 Invocations


You had 6 spell levels left.
You knew the following spells:

 Your Spells              Type           Power      Damage    Failure   Level
a - Slow                  Hex            12%        N/A       38%         1

Your spell library contained the following spells:

 Spells                   Type           Power      Damage    Failure   Level
 Inner Flame              Hex/Fire       2%         N/A       88%         3
 Portal Projectile        Hex/Tloc       4%         N/A       88%         3
 Cause Fear               Hex            1%         N/A       99%         4

Inventory:

Hand Weapons
 Y - a +1 sling (weapon)
Armour
 h - the +0 ring mail "Bisk" (worn) {Contam Slay+2 Stlth+}
   (You found it on level 2 of the Dungeon)

   Slay:      It affects your accuracy & damage with ranged weapons and melee
   (+2).
   Contam:    It causes magical contamination when unequipped.
   Stlth:     It makes you more stealthy.
Jewellery
 f - a ring of ice
 g - a +4 ring of protection (left hand)
 j - a ring of resist corrosion
Potions
 a - a potion of attraction {unknown}
 b - a potion of mutation
 c - a potion of brilliance {unknown}
 i - a potion of haste {unknown}

Dungeon Overview and Level Annotations

Branches:
Dungeon (4/15)
 Temple: D:4-7

Altars:
Kikubaaqudgha
Nemelex Xobeh
Okawaru
Sif Muna
Vehumet

Annotations:
D:4 Eustachio, Grinder


Message History

Eustachio utters an oath, "I will die for my friends!"
The gnoll closely misses you. The river rat bites you!
The jackal bites you but does no damage.
2403 ||| DRINKING potion of heal wounds.
You feel much better.
The gnoll hits you from afar with a +0 spear.
The gnoll barely misses you. The gnoll hits you but does no damage.
Something hits you. The jackal misses you. Grinder hits you but does no damage.
The river rat barely misses you. You furiously retaliate!
You headbutt the river rat. You shoot a sling bullet.
The sling bullet hits the river rat!
You kill the river rat!
The river rat's corpse disappears in a puff of smoke!
The jackal bites you but does no damage.
Something hits you.
The gnoll hits you from afar with a +0 spear.
The gnoll barely misses you. Grinder gestures at you.
You suddenly lose the ability to move!
Eustachio gestures wildly while chanting.
The gnoll hits you with a +0 club.
The jackal stops to sniff the ground.
The gnoll hits you from afar with a +0 spear.
Something hits you but does no damage. The gnoll hits you but does no damage.
Grinder gestures at you.
You shrug off the repeated paralysis!
The gnoll hits you from afar with a +0 halberd!
The crimson imp hits you but does no damage.
The jackal bites you.
You can move again.
You shoot a sling bullet. The sling bullet hits the jackal.
You kill the jackal!
Okawaru accepts your kill. Something hits you. Grinder hits you.
You writhe in agony.
Eustachio mumbles some strange words.
Eustachio blinks!
The gnoll hits you but does no damage.
The gnoll barely misses you. x2; The crimson imp barely misses you.
The jackal bites you but does no damage.
The gnoll hits you but does no damage. Grinder hits you.
You writhe in agony.
You die...

.#.......#....%..[.....#
.#.......#....)........#
........................
................##......
................##......
.........##.............
.####....##.....hrrr.#
.........#######55g..#
.......... #@{h.)#
........... #ghg@....
#####.#. #o....#.. # #.#
...##...# #.... ...#
..#. #..# ....# ## ....
..... #.... ......
#..#.#


You could see Eustachio, Grinder, 3 gnolls, a crimson imp (summoned), a river
rat (summoned), an orc, a quokka (summoned), 3 jackals and a rat (summoned).

Vanquished Creatures
  2 vampire bats (D:3)
  A hound (D:4)
  A jelly (D:4)
  2 iguanas (D:4)
  A sleepcap (D:4)
  4 adders
  2 worms
  2 dart slugs
  8 orcs
  A ball python (D:2)
  3 bat skeletons (D:3)
  2 bat zombies (D:3)
  3 endoplasms
  3 giant cockroaches
  5 goblins
  4 hobgoblins
  A jackal (D:4)
  3 quokkas
  8 bats
  2 frilled lizards (D:1)
  8 kobolds
  9 rats
75 creatures vanquished.

Notes
Turn   | Place    | Note
-------+----------+-------------------------------------------
     0 | D:1      | qw the Minotaur Hexslinger began the quest for the Orb.
     0 | D:1      | Reached XP level 1. HP: 16/16 MP: 1/1
     0 | D:1      | 0 ||| qw: Version: 0.3-a-52-g30416fa
     0 | D:1      | 0 ||| qw: Game counter: 6471
     0 | D:1      | 0 ||| qw: Melee chars always use a shield: true
     0 | D:1      | 0 ||| qw: God list: Okawaru
     0 | D:1      | 0 ||| qw: Allow faded altars: false
     0 | D:1      | 0 ||| qw: Do Orc after clearing Dungeon:15 true
     0 | D:1      | 0 ||| qw: Do second Lair branch before Depths: true
     0 | D:1      | 0 ||| qw: Lair rune preference: random
     0 | D:1      | 0 ||| qw: Goals: Normal
     0 | D:1      | 0 ||| PLANNING D:1-11
    32 | D:1      | HP: 2/16 [quokka (3)]
   105 | D:1      | 105 ||| DROPPING scroll of poison.
   215 | D:1      | Reached skill level 3 in Ranged Weapons
   246 | D:1      | Reached XP level 2. HP: 20/23 MP: 2/2
   387 | D:1      | 387 ||| UPGRADING to +4 ring of protection.
   621 | D:1      | 621 ||| READING scroll labelled TUDURE LOQUEBE.
   622 | D:1      | 622 ||| READING scroll labelled IDUCRY YM BAUJ.
   625 | D:1      | 625 ||| DRINKING 2 bubbling black potions.
   644 | D:1      | 644 ||| DRINKING 2 yellow potions.
   645 | D:1      | 645 ||| DROPPING potion of lignification.
   676 | D:2      | Reached XP level 3. HP: 28/29 MP: 3/3
   884 | D:2      | Found a sparkling altar of Nemelex Xobeh.
   924 | D:2      | Identified the +0 ring mail "Bisk" {Contam Slay+2 Stlth+}
  1061 | D:2      | Reached skill level 4 in Ranged Weapons
  1249 | D:2      | 1249 ||| UPGRADING to +0 ring mail "Bisk" {Contam Slay+2
                  | Stlth+}.
  1259 | D:2      | 1259 ||| DROPPING +0 robe.
  1260 | D:2      | 1260 ||| READING scroll labelled HEZAIL KOMI.
  1396 | D:3      | Found an iron altar of Okawaru.
  1397 | D:3      | 1397 ||| PLANNING OKAWARU WORSHIP
  1400 | D:3      | Became a worshipper of Warmaster Okawaru
  1401 | D:3      | 1401 ||| PLANNING D:1-11
  1412 | D:3      | Reached skill level 1 in Armour
  1417 | D:3      | Reached XP level 4. HP: 36/36 MP: 4/4
  1523 | D:3      | Found a shimmering blue altar of Sif Muna.
  1610 | D:3      | Found a radiant altar of Vehumet.
  1974 | D:3      | Found an ancient bone altar of Kikubaaqudgha.
  1978 | D:3      | Reached skill level 5 in Ranged Weapons
  1981 | D:3      | Reached skill level 3 in Fighting
  1981 | D:3      | Reached XP level 5. HP: 45/45 MP: 5/5
  2042 | D:3      | 2042 ||| DROPPING ring of flight.
  2043 | D:3      | 2043 ||| DRINKING 3 fizzy green potions.
  2043 | D:3      | Gained mutation: You expend magic power (3 MP) to
                  | strengthen your wands. [potion of mutation]
  2043 | D:3      | Gained mutation: You are agile. (Dex +4, Str/Int -1)
                  | [potion of mutation]
  2043 | D:3      | Gained mutation: You occasionally lose the ability to drink
                  | potions when taking damage. [potion of mutation]
  2043 | D:3      | Gained mutation: You are very agile. (Dex +8, Str/Int -2)
                  | [potion of mutation]
  2044 | D:3      | 2044 ||| DRINKING 2 potions of mutation.
  2044 | D:3      | Lost mutation: You expend magic power (3 MP) to strengthen
                  | your wands. [potion of mutation]
  2044 | D:3      | Lost mutation: You occasionally lose the ability to drink
                  | potions when taking damage. [potion of mutation]
  2044 | D:3      | Lost mutation: You are very agile. (Dex +8, Str/Int -2)
                  | [potion of mutation]
  2044 | D:3      | Gained mutation: You are robust. (+10% HP) [potion of
                  | mutation]
  2044 | D:3      | Gained mutation: You are very agile. (Dex +8, Str/Int -2)
                  | [potion of mutation]
  2044 | D:3      | Gained mutation: Armour fits poorly on your strangely
                  | shaped body. [potion of mutation]
  2058 | D:3      | 2058 ||| DRINKING 2 bubbling purple potions.
  2059 | D:3      | 2059 ||| DRINKING 2 fizzy red potions.
  2060 | D:3      | 2060 ||| DRINKING 2 potions of curing.
  2060 | D:3      | 2060 ||| (to cure confusion)
  2061 | D:3      | 2061 ||| DROPPING potion of ambrosia.
  2122 | D:4      | Reached * piety under Okawaru
  2123 | D:4      | Reached skill level 6 in Ranged Weapons
  2192 | D:4      | Reached XP level 6. HP: 56/56 MP: 6/6
  2233 | D:4      | Reached skill level 1 in Invocations
  2273 | D:4      | 2273 ||| INVOKING Heroism.
  2376 | D:4      | Noticed Eustachio
  2387 | D:4      | 2387 ||| INVOKING Heroism.
  2394 | D:4      | 2394 ||| DRINKING potion of curing.
  2394 | D:4      | 2394 ||| (to cure confusion)
  2394 | D:4      | Noticed Grinder
  2402 | D:4      | HP: 14/57 [river rat[Eustachio] (7)]
  2403 | D:4      | 2403 ||| DRINKING potion of heal wounds.
  2404 | D:4      | Paralysed by Grinder for 2 turns
  2406 | D:4      | HP: 4/57 [Grinder (5)]
  2406 | D:4      | Slain by Grinder

Levels and vault maps discovered:
D:1:      roderic_crop_circles_arrival_large, layout_loops_ring
D:2:      layout_loops_cross, basic_altar
D:3:      layout_loops_ring, kennysheep_vampire_church,
          mainiacjoe_overflow_24_doors, mainiacjoe_overflow_chevrons,
          led_sif_pool
D:4:      kennysheep_kobold_camp, layout_basic, uniq_eustachio, uniq_grinder

Skill      XL: |  1  2  3  4  5  6 |
---------------+-------------------+-----
Ranged Weapons | 3 4 5 6 |  6.1
Fighting       | 2 3 |  3.7
Armour         | 1 |  1.0
Invocations    | 1 |  1.4
Dodging        | |  2.1
Spellcasting   | |  1.0
Hexes          | |  2.0

Action                     |  1- 3 |  4- 6 || total
---------------------------+-------+-------++-------
   Fire: Sling             |   121 |   120 ||   241
 Invoke: Heroism           |       |     2 ||     2
    Use: Scroll            |     3 |       ||     3
         Potion            |     2 |     7 ||     9
 Armour: Robe              |    20 |       ||    20
         Ring mail         |     2 |    51 ||    53
  Dodge: Dodged            |    34 |    89 ||   123

Table legend:
 A = Non-vault XP
 B = Vault XP
 C = Vault XP percentage of total XP
 D = Non-vault monster count
 E = Vault monster count
 F = Vault count percentage of total count
                 A         B        C        D         E       F
            +---------+---------+-------+---------+---------+-------
      Total |     359 |     119 |  24.9 |      68 |       7 |   9.3
            +---------+---------+-------+---------+---------+-------
        D:1 |      24 |       0 |   0.0 |      17 |       0 |   0.0
        D:2 |      59 |       0 |   0.0 |      19 |       0 |   0.0
        D:3 |      50 |     119 |  70.4 |      17 |       7 |  29.2
        D:4 |     226 |       0 |   0.0 |      15 |       0 |   0.0
            +---------+---------+-------+---------+---------+-------
